 Dungeon Crawl Stone Soup version 0.18-a0-1312-gf98331d (webtiles) character file.

7826 KarvaRausku the Fighter (level 11, -9/90 HPs)
             Began as a Formicid Fighter on Feb 14, 2016.
             Was a Believer of the Shining One.
             Killed from afar by a deep elf mage (31 damage)
             ... with a bolt of magma
             ... on level 13 of the Dungeon.
             The game lasted 00:43:22 (8516 turns).

KarvaRausku the Fighter (Formicid Fighter)          Turns: 8516, Time: 00:43:22

Health: -9/90      AC: 17    Str: 29    XL:     11   Next: 44%
Magic:  0/25       EV:  8    Int:  8    God:    the Shining One [**....]
Gold:   99         SH: 12    Dex: 10    Spells: 0 memorised, 16 levels left

rFire  . . .     SeeInvis +     u - +0 scimitar (flame)
rCold  + + .     Gourm    .     C - +1 plate armour
rNeg   + . .     Faith    .     c - +0 shield {John}
rPois  .         Spirit   +     (helmet unavailable)
rElec  .         Dismiss  .     H - +0 cloak
rCorr  +         Reflect  .     (no gloves)
SustAt .         Harm     .     z - +0 pair of boots
MR     .....                    G - amulet of Enuan {Spirit rC++ MR-}
Stlth  ..........               p - ring of magical power
                                y - ring of resist corrosion

@: mighty, glowing, not resistant to hostile enchantments, extremely unstealthy
A: permanent stasis, dig shafts and tunnels, four strong arms, antennae 3
a: Dig, Shaft Self, Divine Shield, Renounce Religion


You were on level 13 of the Dungeon.
You worshipped the Shining One.
The Shining One was pleased with you.
You were not hungry.

You visited 2 branches of the dungeon, and saw 12 of its levels.

You collected 485 gold pieces.
You spent 386 gold pieces at shops.

Inventory:

Hand Weapons
 a - a +0 long sword
 u - a +0 scimitar of flaming (weapon)
 E - a +1 whip of flaming
 I - a +1 long sword
Armour
 b - a +0 scale mail
 c - a +0 shield (worn) {John}
 z - a +0 pair of boots (worn)
 C - a +1 plate armour (worn)
 H - a +0 cloak (worn)
 J - the +3 ring mail "Zouhamem" {rPois rN+ Str-5 Dex+6, unknown}
   (You found it on level 10 of the Dungeon)

   It affects your strength (-5).
   It affects your dexterity (+6).
   It protects you from poison.
   It protects you from negative energy.
Jewellery
 h - an uncursed ring of protection from cold
 k - an uncursed ring of protection from cold
 o - an uncursed amulet of the gourmand
 p - a ring of magical power (right hand)
 s - an uncursed ring of flight
 w - an uncursed ring of resist corrosion
 y - a ring of resist corrosion (left hand)
 G - the amulet of Enuan (around neck) {Spirit rC++ MR-}
   (You found it on level 5 of the Dungeon)

   [amulet of guardian spirit]

   It causes incoming damage to be split between your health and magic.
   It greatly protects you from cold.
   It affects your resistance to hostile enchantments.
 O - an uncursed ring of protection from fire
Wands
 v - a wand of confusion (20/48)
 Q - a wand of lightning (6/15)
Scrolls
 g - a scroll of identify
 i - 8 scrolls of remove curse
 j - 4 scrolls of teleportation
 m - 3 scrolls of blinking
 n - 2 scrolls of recharging
 q - 3 scrolls of enchant weapon
 x - a scroll of fog
 M - a scroll of magic mapping
 P - a scroll of amnesia
Potions
 d - 3 potions of might
 e - 2 potions of mutation
 l - a potion of curing
 r - a potion of flight {unknown}
 t - 3 potions of invisibility
 D - a potion of berserk rage
 K - 2 potions of heal wounds
Comestibles
 f - 10 bread rations
 A - 2 slices of pizza
 B - 7 fruits
 F - 4 beef jerkies
 L - 3 meat rations


   Skills:
 + Level 10.1 Fighting
 + Level 9.3 Long Blades
 + Level 9.0 Armour
 + Level 10.0 Shields
 - Level 3.4 Spellcasting


You had 16 spell levels left.
You didn't know any spells.

Dungeon Overview and Level Annotations

Branches:
Dungeon (10/15)            Temple (1/1) D:4            Lair (0/8) D:9
    Orc: D:9-12

Altars:
Ashenzari
Cheibriados
Dithmenos
Elyvilon
Fedhas
Gozag
Kikubaaqudgha
Makhleb
Nemelex Xobeh
Okawaru
Pakellas
Qazlal
Ru
Sif Muna
Trog
Vehumet
Xom
Yredelemnul
Zin
The Shining One

Shops:
D:7 *   D:9 (%!(

Annotations:
D:10 exclusion: ice statue, Snorg


Innate Abilities, Weirdness & Mutations

You are under a permanent stasis effect.
You can dig through walls and to a lower floor.
Your four strong arms can wield two-handed weapons with a shield.
You have a pair of large antennae on your head (SInv).


Message History

The magic dart hits you! You block the orc's attack.
The orc wizard hits you but does no damage.
You block the orc wizard's attack. The orc barely misses you.
Things that are here:
a trident; a chain mail You hit the deep elf mage.
You burn the deep elf mage.
The deep elf mage is lightly wounded.
The orc wizard gestures at you while chanting.
Your stasis keeps you stable.
You block the deep elf mage's attack. You block the orc's attack.
You slash the deep elf mage! You burn the deep elf mage!
The deep elf mage is heavily wounded.
The orc wizard points at you and mumbles some strange words.
The magic dart hits you! The orc wizard casts a spell at you.
The magic dart hits you!
* * * LOW HITPOINT WARNING * * *
The deep elf mage gestures at you while chanting.
The bolt of magma hits you!
You die...

#.........#
#.........###
#...........#
####...........#
...............+
...............###
.........oo.......
.........e@.......
......############
..... .... ### {


You could see a deep elf mage, an orc wizard and an orc.

Vanquished Creatures
  Erica (D:9)
  Pikel (D:4)
  Joseph (D:7)
  A troll (D:8)
  Prince Ribbit (D:6)
  A spriggan (D:7)
  5 yaks (D:9)
  2 basilisks (D:9)
  Grum (D:10)
  Edmund (D:5)
  4 wolves
  5 porcupines
  2 orc warriors
  A wasp (D:9)
  2 sky beasts
  A phantom (D:7)
  A black bear (D:9)
  3 ogres
  3 necrophages
  3 centaurs
  3 crocodiles (D:9)
  A big kobold (D:9)
  5 giant frogs
  A gnoll sergeant (D:9)
  2 scorpions
  2 crimson imps
  3 hounds
  6 jellies
  A giant frog skeleton (D:5)
  5 iguanas
  5 orc wizards
  A gnoll shaman (D:8)
  8 worker ants
  10 sheep
  2 hound skeletons (D:5)
  2 worker ant zombies
  10 adders
  13 gnolls
  A river rat (D:9)
  2 shadow imps
  2 oozes
  An adder zombie (D:7)
  A worm (D:2)
  4 giant geckos
  20 orcs
  A ball python (D:1)
  5 giant cockroaches
  9 goblins
  6 hobgoblins
  7 jackals
  6 quokkas
  10 bats
  A giant gecko skeleton (D:5)
  7 giant newts
  A jackal skeleton (D:7)
  12 kobolds
  5 rats
221 creatures vanquished.

Vanquished Creatures (others)
  A giant gecko (D:4)
  A bush (D:9)
  4 fungi (D:9)
  4 plants (D:9)
10 creatures vanquished.

Grand Total: 231 creatures vanquished

Notes
Turn   | Place    | Note
--------------------------------------------------------------
     0 | D:1      | KarvaRausku the Formicid Fighter began the quest for the Orb.
     0 | D:1      | Reached XP level 1. HP: 18/18 MP: 1/1
   155 | D:1      | Reached XP level 2. HP: 22/24 MP: 2/2
   341 | D:1      | Reached XP level 3. HP: 20/29 MP: 3/3
  1143 | D:2      | Reached skill level 4 in Fighting
  1143 | D:2      | Reached XP level 4. HP: 37/37 MP: 4/4
  1446 | D:3      | Reached XP level 5. HP: 41/43 MP: 5/5
  2108 | D:3      | Reached skill level 5 in Fighting
  2166 | D:3      | Found a sparkling altar of Nemelex Xobeh.
  2436 | D:4      | Reached XP level 6. HP: 34/51 MP: 6/6
  2564 | D:4      | Found a staircase to the Ecumenical Temple.
  2596 | Temple   | Entered the Ecumenical Temple
  2789 | Temple   | Became a worshipper of the Shining One
  2960 | D:4      | Found a white marble altar of Elyvilon.
  3041 | D:4      | Reached skill level 5 in Long Blades
  3220 | D:4      | Noticed a slave
  3222 | D:4      | Noticed Pikel
  3223 | D:4      | Noticed a slave
  3225 | D:4      | Noticed a slave
  3245 | D:4      | Killed Pikel
  3245 | D:4      | Reached skill level 6 in Fighting
  3245 | D:4      | Reached XP level 7. HP: 23/59 MP: 7/7
  3245 | D:4      | Reached XP level 8. HP: 25/65 MP: 8/8
  3344 | D:4      | Reached skill level 5 in Shields
  3558 | D:5      | Entered Level 5 of the Dungeon
  3595 | D:5      | Got a shimmering pewter amulet
  3612 | D:5      | Identified the amulet of Enuan {Spirit rC++ MR-} (You found it on level 5 of the Dungeon)
  3739 | D:5      | Reached skill level 7 in Fighting
  3810 | D:5      | Reached skill level 5 in Armour
  4059 | D:5      | Noticed Edmund
  4081 | D:5      | Killed Edmund
  4101 | D:5      | Noticed Prince Ribbit
  4398 | D:5      | Found an iron altar of Okawaru.
  4399 | D:5      | Found a blossoming altar of Fedhas.
  4847 | D:6      | Found a radiant altar of Vehumet.
  4897 | D:6      | Reached XP level 9. HP: 41/72 MP: 9/9
  5072 | D:6      | Killed Prince Ribbit
  5337 | D:6      | Reached skill level 8 in Fighting
  5622 | D:7      | Noticed Joseph
  5731 | D:7      | Found a basalt altar of Yredelemnul.
  5772 | D:7      | Found Jafeopp's Assorted Antiques.
  5806 | D:7      | Reached * piety under the Shining One
  6004 | D:7      | Killed Joseph
  6004 | D:7      | Reached skill level 1 in Spellcasting
  6004 | D:7      | Reached XP level 10. HP: 42/82 MP: 11/11
  6064 | D:7      | Bought a scroll labeled MEWAYBR EBAPA for 23 gold pieces
  6064 | D:7      | Bought a garnet ring for 115 gold pieces
  6085 | D:7      | Found a glowing silver altar of Zin.
  6581 | D:8      | Noticed an angel
  6581 | D:8      | Found a glowing silver altar of Zin.
  6593 | D:8      | Found a shimmering altar of Xom.
  6844 | D:9      | Found Awuff's Food Boutique.
  6882 | D:9      | Reached skill level 9 in Fighting
  7275 | D:9      | Found a staircase to the Lair.
  7550 | D:9      | Found Pouq's Weapon Boutique.
  7699 | D:9      | Found Zibicse's Distillery.
  7707 | D:9      | Bought a potion of might for 64 gold pieces
  7707 | D:9      | Bought a potion of might for 64 gold pieces
  7707 | D:9      | Bought a potion of mutation for 40 gold pieces
  7707 | D:9      | Bought a potion of heal wounds for 80 gold pieces
  7720 | D:9      | Found a burning altar of Makhleb.
  7720 | D:9      | Reached ** piety under the Shining One
  7724 | D:9      | Reached XP level 11. HP: 68/89 MP: 7/16
  7734 | D:9      | Found Exzov's Weapon Shop.
  7999 | D:9      | Noticed Erica
  8018 | D:9      | Killed Erica
  8106 | D:10     | Entered Level 10 of the Dungeon
  8108 | D:10     | Noticed Grum
  8237 | D:9      | Reached skill level 10 in Fighting
  8245 | D:9      | Reached skill level 10 in Shields
  8372 | D:10     | Killed Grum
  8455 | D:10     | Got an encrusted ring mail
  8477 | D:10     | Noticed Snorg
  8505 | D:10     | You fall through a shaft for 3 floors!
  8505 | D:13     | Noticed a deep elf mage
  8516 | D:13     | Killed from afar by a deep elf mage

Vault maps used:
D:1:      lightli_arrival_noodles
D:2:      first_bread, st_stairs_12
D:3:      nemelex_xobeh_ov_fountains_minmay
D:4:      kennysheep_little_box, uniq_pikel
D:5:      minitemple, roderic_digamma_sauvastika, minmay_ogre_servants,
          uniq_edmund, uniq_prince_ribbit1
D:6:      basic_altar
D:7:      old_standard_altar, basic_altar, serial_shops,
          nicolae_shop_window_shopping, the_bakery, uniq_joseph
D:8:      grunt_temple_overflow_order_and_chaos_1
D:9:      makhleb_grotto_becter, minmay_lair_entry_grove, serial_shops, shop,
          shop, shop, shop_fountains, uniq_erica
D:10:     lemuel_ice_statue, uniq_snorg, uniq_fannar, uniq_grum
D:13:     david_vaults_1, serial_shops, bzr_in_the_mist, uniq_frances
Temple:   minmay_temple_forest_path_12

Action                   |  1- 3 |  4- 6 |  7- 9 | 10-12 || total
-------------------------+-------+-------+-------+-------++-------
Melee: Long sword        |   125 |   239 |   362 |   282 ||  1008
       Scimitar          |       |       |       |    71 ||    71
 Abil: Dig               |     3 |     1 |       |     2 ||     6
       Shaft Self        |       |       |       |     1 ||     1
Evoke: Wand              |       |       |     1 |     2 ||     3
  Use: Scroll            |       |       |     4 |    16 ||    20
       Potion            |       |       |     3 |     4 ||     7
  Eat: Chunk             |     1 |    15 |     3 |    38 ||    57
